 Dungeon Crawl Stone Soup version 0.30.0-19-g36f170ea60 (webtiles) character file.

Game seed: 6006801099649728861

179 fleeber the Magician (level 5, -1/40 HPs)
             Began as a Djinni Conjurer on May 29, 2023.
             Was an Initiate of Ashenzari.
             Slain by an adder (3 damage)
             ... on level 4 of the Dungeon.
             The game lasted 00:10:35 (2492 turns).

fleeber the Magician (Djinni Conjurer)              Turns: 2492, Time: 00:10:36

Health: -1/40      AC:  3    Str:  4 (6)  XL:     5   Next: 90%
Gold:   123        EV: 12    Int: 20 (21) God:    Ashenzari [......] SH:  0 Dex:  9 (12)

rFire   + + +        n - +0 short sword (vamp)
rCold   . . .        (no shield)
rNeg    . . .        a - +0 robe
rPois   ∞            (no helmet)
rElec   +            (no cloak)
rCorr   +            b - +0 pair of gloves
SInv    .            (boots unavailable)
Will    .....        (no amulet)
Stlth   +            (no ring)
HPRegen 0.26/turn    (no ring)
MPRegen 0.00/turn

%: infuse magic (-2 HP)
@: resistant, flying
A: sickness immunity, fire resistance 2, cold vulnerability 1, float, innate
caster, HP casting, extra vitality 1
a: Renounce Religion


You were on level 4 of the Dungeon.
You worshipped Ashenzari.
Ashenzari was noncommittal.
You visited 1 branch of the dungeon, and saw 4 of its levels.

You collected 123 gold pieces.

Inventory:

Hand Weapons
 n - a +0 vampiric short sword (weapon)
Armour
 a - a +0 robe (worn)
 b - a +0 pair of gloves (worn)
Scrolls
 c - a scroll of teleportation {unknown}
 e - 3 scrolls of blinking {unknown}
 i - a scroll of butterflies {unknown}
 j - 7 scrolls of identify {unknown}
 l - a scroll of noise {unknown}
 m - a scroll of vulnerability {unknown}
 p - a scroll of silence {unknown}
Potions
 d - a potion of might {unknown}
 f - a potion of curing {unknown}
 g - a potion of resistance
 h - a potion of invisibility {unknown}
 k - 2 potions of flight {unknown}
 o - a potion of degeneration
 q - 2 potions of mutation
 r - a potion of brilliance {unknown}
 s - a potion of magic {unknown}
 t - a potion of ambrosia {unknown}


   Skills:
 + Level 3.5 Fighting
 - Level 2.1 Dodging
 - Level 1.5 Stealth
 + Level 4.3 Spellcasting


You knew the following spells:

 Your Spells              Type           Power      Damage    Failure   Level
a - Magic Dart            Conj           84%        1d7       1%          1
b - Searing Ray           Conj           42%        2d6       3%          2
c - Dazzling Flash        Conj/Hex       42%        N/A       6%          3
d - Fulminant Prism       Conj/Hex       10%        3d8       21%         4
e - Iskenderun's Mystic   Conj/Tloc      21%        2d6       21%         4
f - Necrotise             Necr           84%        1d8       1%          1
g - Static Discharge      Conj/Air       42%        2-4/arc   3%          2
Your spell library was empty.

Dungeon Overview and Level Annotations

Branches:
Dungeon (4/15)
 Temple: D:4-7

Altars:
Ashenzari

Annotations:
D:4 1 runed translucent door, Menkaure; kmckee's ghost, amateur MiFi


Innate Abilities, Weirdness & Mutations

You are immune to sickness and miasma.
You are immune to poison.
Your flesh is very heat resistant. (rF++)
You are vulnerable to cold. (rC-)
You float through the air rather than walking.
You learn spells naturally, not from books.
Your magical power is your life essence.
You have superior vitality. (+4 MHP)


Message History

You conjure a prism of explosive energy!
* * * LOW HITPOINT WARNING * * *
A fulminant prism comes into view.
A hound comes into view.
The adder bites you.
* * * LOW HITPOINT WARNING * * *
A wight comes into view. It is wielding a +3 battleaxe.
Your fulminant prism crackles loudly.
Menkaure calls on the powers of darkness!
The hound convulses!
The adder convulses!
Your body is wracked with pain!
* * * LOW HITPOINT WARNING * * *
Your fulminant prism explodes!
The blast of energy engulfs the ball python!!
You kill the ball python!
The blast of energy engulfs Menkaure!
Menkaure is almost destroyed.
The blast of energy engulfs the hound!!
You kill the hound!
The adder bites you.
* * * LOW HITPOINT WARNING * * *
You hear an angry hiss.
You hear a shout! x4; You hear an angry growl.
Aiming: Magic Dart (safe; 1% risk of failure)
Press: ? - help, Shift-Dir - straight line, f - adder
Aim: an adder (heavily wounded, 100% to hit)
The magic dart hits the adder.
The adder is severely wounded.
* * * LOW HITPOINT WARNING * * *
The adder barely misses you.
Menkaure whispers in an indecipherable tongue.
You don't have enough health to cast this spell.
It was a potion of resistance.
You feel protected. The adder barely misses you.
It was a potion of mutation.
You feel extremely strange. The adder bites you but does no damage.
A wight comes into view. It is wielding a +1 flail of freezing.
It was a potion of degeneration.
There was something very wrong with that liquid.
You feel weakened.
You feel dopey.
You feel clumsy. The adder bites you.
You die...

#..##.#####<####
#...........#
###.....##########
.^......##..... .#
.#.......#..###..#
#............#..###
#.................
........##..#.#..#
#......###.@#.#..#
##.#### #..S....#
..# ###...### #.
#M).# #...########
#...........
.#####z..#####..#
.z....z.##
........#§§


You could see Menkaure, 2 wights and an adder.

Vanquished Creatures
  A wight (D:4)
  A hound (D:4)
  3 adders
  2 dart slugs
  2 worms (D:2)
  10 bats
  6 endoplasms
  2 giant cockroaches
  4 goblins
  5 hobgoblins
  4 jackals (D:3)
  7 kobolds
  4 quokkas
  7 ball pythons
  2 frilled lizards
  4 rats
64 creatures vanquished.

Vanquished Creatures (others)
  2 fulminant prisms (D:4)
2 creatures vanquished.

Grand Total: 66 creatures vanquished

Notes
Turn   | Place    | Note
-------+----------+-------------------------------------------
     0 | D:1      | fleeber the Djinni Conjurer began the quest for the Orb.
     0 | D:1      | fleeber set off with the following spells memorised: Magic
                  | Dart, Searing Ray, Dazzling Flash, Fulminant Prism,
                  | Iskenderun's Mystic Blast.
     0 | D:1      | Reached XP level 1. HP: 15/15 MP: 0/0
   117 | D:1      | Reached skill level 1 in Fighting
   117 | D:1      | Reached XP level 2. HP: 19/22 MP: 0/0
   383 | D:1      | Reached XP level 3. HP: 24/27 MP: 0/0
   383 | D:1      | Learned a level 1 spell: Necrotise
  1343 | D:2      | Reached XP level 4. HP: 32/33 MP: 0/0
  2041 | D:3      | Reached skill level 4 in Spellcasting
  2140 | D:3      | Found a broken altar of Ashenzari.
  2146 | D:3      | Became a worshipper of Ashenzari the Shackled
  2437 | D:4      | Reached XP level 5. HP: 38/40 MP: 0/0
  2437 | D:4      | Learned a level 2 spell: Static Discharge
  2469 | D:4      | Found a runed translucent door.
  2475 | D:4      | Noticed kmckee's ghost (amateur MiFi)
  2475 | D:4      | Noticed Menkaure
  2488 | D:4      | HP: 2/40 [adder (2)]
  2492 | D:4      | Slain by an adder

Illustrated notes

Levels and vault maps discovered:
D:1:      giann_horns, layout_basic, skrybe_limestone_x, minmay_tetromino_l2
D:2:      layout_loops_ring, basic_altar, grunt_decor_junction
D:3:      layout_basic, mainiacjoe_overflow_six_doors_small,
          mainiacjoe_overflow_boulevard, nicolae_sif_muna_condensation
D:4:      layout_loops_cross, lemuel_round_altar, temple_statues,
          ebering_ghost_inner_flame, hangedman_abyss_or_decor_stabs,
          uniq_grinder, uniq_menkaure

Skill      XL: |  1  2  3  4  5 |
---------------+----------------+-----
Fighting       | 1 2 3 |  3.5
Spellcasting   | 4 |  4.3
Dodging        | |  2.1
Stealth        | |  1.5

Action                     |  1- 3 |  4- 6 || total
---------------------------+-------+-------++-------
   Cast: Magic Dart        |    82 |    43 ||   125
         Searing Ray       |     3 |    12 ||    15
         Fulminant Prism   |       |     2 ||     2
    Use: Potion            |       |     3 ||     3
 Armour: Robe              |       |     3 ||     3
  Dodge: Dodged            |     6 |     7 ||    13
